Cogmind - Beta 15 @@@ ROGUE MODE // 2025.07.03 @ 11:05:57 Player: Maxi98se Result: Destroyed by UW-NU3(R) with Subdweller Beam Cannon Performance ------------- Evolutions (0) 0 Regions Visited (2) 400 Robots Destroyed (8) 40 Value Destroyed (138) 138 Prototype IDs (2) 40 Alien Tech Used (0) 0 Bonus (0) 0 TOTAL SCORE: 618 Bonus ------- None Cogmind --------- Core Integrity 0/250 Matter 300/300 Energy 100/100 System Corruption 0% Temperature Cool (27) Movement Core (50) Location -10/Subcaves Parts ------- > --- POWER (1) -------- (None) > --- PROPULSION (2) --- (None) > --- UTILITY (2) ------ (None) > --- WEAPON (2) ------- (None) > --- INVENTORY (5) ---- (None) Peak State ------------ > --- POWER ------------ Light Nuclear Core > --- PROPULSION ------- Light Treads Light Treads > --- UTILITY ---------- Small Storage Unit Small Storage Unit > --- WEAPON ----------- EM Pulse Gun Light Assault Rifle > --- INVENTORY -------- (None) [Rating: 9] Favorites ----------- Power Light Nuclear Core Engine Ion Engine Power Core Light Nuclear Core Propulsion Light Treads Treads Light Treads Flight Unit Flight Unit Utility Small Storage Unit Device Structural Scanner Storage Small Storage Unit Weapon Grenade Launcher Energy Gun EM Pulse Gun Ballistic Gun Light Assault Rifle Launcher Grenade Launcher Build | -11 -10 -10 ------- Run | Yrd Mat Sub Slots Evolved . | . . . Power . | . . . Propulsion . | . . . Utility . | . . . Weapon . | . . . Parts Attached 16 | 8 7 1 Power 3 | 1 1 1 Engine 2 | 1 . 1 Core 1 | . 1 . Reactor . | . . . Propulsion 4 | 2 2 . Treads 2 | 2 . . Leg . | . . . Wheel . | . . . Hover . | . . . Flight 2 | . 2 . Utility 4 | 2 2 . Device 1 | . 1 . Storage 3 | 2 1 . Processor . | . . . Hackware . | . . . Protection . | . . . Artifact . | . . . Weapon 5 | 3 2 . Energy Gun 2 | 2 . . Energy Cannon . | . . . Ballistic Gun 1 | 1 . . Ballistic Cannon . | . . . Launcher 2 | . 2 . Special Weapon . | . . . Impact Weapon . | . . . Slashing Weapon . | . . . Piercing Weapon . | . . . Special Melee Weapon . | . . . Unidentified Prototypes . | . . . Parts Lost 7 | . . 7 Power 1 | . . 1 Propulsion 2 | . . 2 Utility 2 | . . 2 Weapon 2 | . . 2 Highest Loss Streak 7 | . . 7 To Critical Strikes . | . . . Average Backups . | . . . Power . | . . . Propulsion . | . . . Utility . | . . . Weapon . | . . . Tool/Special . | . . . Unused Backups 1 | 1 . . Power . | . . . Propulsion 1 | 1 . . Utility . | . . . Weapon . | . . . Tool/Special . | . . . Average Slot Usage (%) 93 | . 94 91 Engine 2 | . 3 . Core 9 | . 8 11 Treads 11 | . 17 . Flight 15 | . 10 24 Device 9 | . 8 14 Storage 16 | . 18 14 Energy Gun 4 | . 5 . Ballistic Gun 6 | . 8 . Launcher 15 | . 10 24 Peak Build Rating 9 | 7 9 9 Average Rating 7 | 4 7 8 On Entrance 5 | . 7 9 Naked Turns . | . . . Heaviest Build 18 | 18 18 15 Greatest Support 40 | 40 40 8 Greatest Overweight (x) 3 | 2 1 3 Average Overweight (x) . | . . 1 Largest Inventory Capacity 8 | 8 8 5 Average Capacity 6 | 7 7 5 Most Carried 4 | 3 4 1 Average Carried . | . . . Final Capacity 8 | 8 5 5 Final Carried . | . . . Class Distribution -------------------- 100% | Mutant Dominant Class ---------------- Mutant | -10/Materials Mutant | -10/Subcaves Resources | -11 -10 -10 ----------- Run | Yrd Mat Sub Matter Collected 407 | 230 85 92 Remotely . | . . . Salvage Created 207 | 47 160 . Parts 23 | 1 22 . Haulers Intercepted . | . . . Recyclers Shooed . | . . . Parts Field Recycled . | . . . Retrieved Matter . | . . . Parts Self-Destructed 4 | . . 4 Prevented . | . . . Kills | -11 -10 -10 ------- Run | Yrd Mat Sub Combat Hostiles Destroyed 5 | . 5 . Guns 3 | . 3 . AOE 2 | . 2 . Classes Destroyed 5 | 1 4 . Builder 1 | . 1 . Recycler 1 | 1 . . Watcher 1 | . 1 . Swarmer 3 | . 3 . Grunt 2 | . 2 . Best Kill Streak 5 | 1 5 . Combat Bots Only 3 | . 3 . Max Kills in Single Turn 2 | 1 2 . Gunslinging . | . . . Exploded 1 | . 1 . Melee . | . . . Uniques/NPCs Destroyed . | . . . Combat | -11 -10 -10 -------- Run | Yrd Mat Sub Hostile Shots Fired 30 | . 16 14 Missed 9 | . 7 2 Hits 21 | . 9 12 Projectile 21 | . 9 12 AOE 4 | . . 4 Critical Strikes 1 | . . 1 Damage Taken 581 | 2 118 461 Core 272 | . . 272 Absorbed by Shields . | . . . Core Remaining (%) 100 | 100 . . Volleys Fired 9 | . 9 . Largest 2 | . 2 . Hottest 60 | . 60 . Shots Fired 18 | . 18 . Gun 14 | . 14 . Cannon . | . . . Launcher 4 | . 4 . Special . | . . . Kinetic 9 | . 9 . Thermal . | . . . Explosive 4 | . 4 . Electromagnetic 5 | . 5 . Robot Hit Streak 5 | . 5 . Robot Miss Streak 2 | . 2 . Penetration Max . | . . . Secondary Targets . | . . . Shots Hit Robots 11 | . 11 . Core Hits 11 | 1 10 . Critical Kills . | . . . Critical Parts Destroyed . | . . . Critical Strikes . | . . . Melee Attacks . | . . . Impact . | . . . Slashing . | . . . Piercing . | . . . Sneak Attacks . | . . . Combat Hostiles . | . . . Follow-up Attacks . | . . . Damage Inflicted 262 | 10 252 . Guns 92 | . 92 . Cannons . | . . . Explosions 160 | . 160 . Melee . | . . . Ramming 10 | 10 . . Kinetic 40 | . 40 . Thermal . | . . . Explosive 160 | . 160 . Electromagnetic 52 | . 52 . Impact . | . . . Slashing . | . . . Piercing . | . . . Highest Corruption . | . . . Average Corruption . | . . . Corruption Purged . | . . . Corruption Blocked . | . . . Overload Shots . | . . . Overflow Damage . | . . . Projectiles . | . . . Explosions . | . . . Melee . | . . . Knockbacks . | . . . Impact . | . . . Kinetic . | . . . Secondary . | . . . Self-Inflicted Damage 28 | 2 26 . Shots 3 | . 3 . Rammed 2 | 2 . . Targets Rammed 3 | 3 . . Kicked . | . . . Crushed 1 | 1 . . Highest Temperature 219 | . 58 219 Average Temperature 43 | . 24 122 Received Heat Transfer 346 | . 18 328 Siege Activations . | . . . Martial Activations . | . . . Shielding Activations . | . . . Robots Disrupted . | . . . Combat Hostiles . | . . . Robots Corrupted . | . . . Combat Hostiles . | . . . Parts Fried . | . . . Impact Corruptions . | . . . Robots Melted . | . . . Combat Hostiles . | . . . Parts Melted . | . . . Heat Transferred . | . . . Parts Sabotaged . | . . . Parts Stolen . | . . . Parts Stripped . | . . . Power Chain Reactions . | . . . Alert | -11 -10 -10 ------- Run | Yrd Mat Sub Maximum Alert Level . | . . . Low Security (%) 100 | 100 100 . Level 1 . | . . . Level 2 . | . . . Level 3 . | . . . Level 4 . | . . . Level 5 . | . . . High Security . | . . . Max Security . | . . . Peak Influence 95 | 5 95 . Initial . | . . . Average 27 | . 37 . Influence Increases 184 | 5 179 . Destroy 0b10 Robot/C 100 | . 100 . Destroy 0b10 Robot/NC 15 | 5 10 . Destroy Leader 22 | . 22 . Successful Hack 24 | . 24 . Destroy Structure 23 | . 23 . Influence Decreases 184 | 5 140 39 Entered New Map 19 | . . 19 Time Decay 165 | 5 140 20 Squads Dispatched 1 | . 1 . Investigation 1 | . 1 . Extermination . | . . . Reinforcement . | . . . Assault . | . . . Garrison . | . . . Intercept . | . . . Searches Triggered . | . . . Construction Impeded . | . . . Haulers Reinforced . | . . . Active Scanning Responses . | . . . Cargo Convoy Interrupts . | . . . Stealth | -11 -10 -10 --------- Run | Yrd Mat Sub Distress Signals . | . . . Communications Jammed . | . . . Distress Signals . | . . . Times Spotted 17 | . 7 10 Peak Tracking Total 4 | . 3 4 Tactical Retreats . | . . . Traps | -11 -10 -10 ------- Run | Yrd Mat Sub Traps Triggered 1 | . 1 . Indirectly . | . . . Trap Hack Attempts . | . . . Triggered . | . . . Disarmed . | . . . Reprogrammed . | . . . Reused . | . . . Traps Extracted . | . . . Installed . | . . . Triggered . | . . . Machines | -11 -10 -10 ---------- Run | Yrd Mat Sub Machines Disabled . | . . . Max in Single Turn . | . . . Machines Repaired . | . . . Machines Dismantled . | . . . Machines Sabotaged . | . . . Overloaded Fab Kills . | . . . Hacking | -11 -10 -10 --------- Run | Yrd Mat Sub Machines Accessed 4 | . 4 . Terminals 3 | . 3 . Fabricators . | . . . Repair Stations . | . . . Recycling Units 1 | . 1 . Scanalyzers . | . . . Garrison Access . | . . . Total Hacks 27 | . 27 . Successful 14 | . 14 . Failed 13 | . 13 . Catastrophic . | . . . Database Lockouts . | . . . Manual 5 | . 5 . Terminals 21 | . 21 . Fabricators . | . . . Repair Stations . | . . . Recycling Units 6 | . 6 . Scanalyzers . | . . . Garrison Access . | . . . Terminal Hacks 10 | . 10 . Record 4 | . 4 . Prototype ID Bank 2 | . 2 . Dispatch Records 2 | . 2 . Hauler Manifests 1 | . 1 . Zone Layout 1 | . 1 . Fabricator Hacks . | . . . Repair Station Hacks . | . . . Recycling Unit Hacks 4 | . 4 . Process 1 | . 1 . Report Inventory 1 | . 1 . Retrieve Matter 1 | . 1 . Retrieve Components 1 | . 1 . Scanalyzer . | . . . Garrison Access Hacks . | . . . Unauthorized Hacks . | . . . Terminals . | . . . Fabricators . | . . . Repair Stations . | . . . Recycling Units . | . . . Scanalyzers . | . . . Garrison Access . | . . . Data Cores Recovered . | . . . Used . | . . . Hacking Detections 3 | . 3 . Full Trace Events 2 | . 2 . Feedback Events . | . . . Feedback Blocked . | . . . Robot Schematics Acquired . | . . . Robots Built . | . . . Authchips . | . . . Time . | . . . Total Robot Build Rating . | . . . Part Schematics Acquired . | . . . Parts Built . | . . . Authchips . | . . . Time . | . . . Total Part Build Rating . | . . . Parts Repaired . | . . . Time . | . . . Parts Recycled . | . . . Recycled Matter . | . . . Retrieved Matter . | . . . Retrieved Components 2 | . 2 . Parts Scanalyzed . | . . . Part Schematics Acquired . | . . . Parts Damaged . | . . . Bothacking | -11 -10 -10 ------------ Run | Yrd Mat Sub Used RIF Installer . | . . . Robots Hacked . | . . . Non-combat . | . . . Combat . | . . . Robot Hacks Applied . | . . . Relay Couplers Released . | . . . Fabnet Peak Effective % . | . . . Robots Rewired . | . . . Allies Hacked . | . . . Hacks Repelled . | . . . Allies | -11 -10 -10 -------- Run | Yrd Mat Sub Total Allies . | . . . Largest Group . | . . . Highest-Rated Group . | . . . Highest-Rated Ally . | . . . Total Orders . | . . . Ally Attacks . | . . . Total Damage . | . . . Kills . | . . . Allies Corrupted . | . . . Allies Melted . | . . . Intel | -11 -10 -10 ------- Run | Yrd Mat Sub Active Infowar (turns) 360 | . 213 147 Structural 360 | . 213 147 Robot Analysis Total . | . . . Derelict Logs Recovered . | . . . Drone Launches . | . . . Drone Recoveries . | . . . Exploration | -11 -10 -10 ------------- Run | Yrd Mat Sub Turns Passed 619 | 127 345 147 Spaces Moved 458 | 72 261 125 Core 25 | 19 . 6 Treads 159 | 53 106 . Legs . | . . . Wheels . | . . . Hover . | . . . Flight 274 | . 155 119 Fastest Speed 37 | 50 37 37 Average Speed 119 | 146 114 115 Slowest Speed 200 | 160 160 200 Overloaded Moves . | . . . Propulsion Burnouts . | . . . Robots Hopped 1 | . . 1 Potential Cave-ins . | . . . Cave-ins Triggered . | . . . Exploration Rate (%) 19 | 5 41 11 Regions Visited 2 Branch Regions 1 Pre-discovered Areas . | . . . Known Exits Taken . | . . . Unknown Exits Taken 2 | 1 1 . Scrap Searched . | . . . Spaces Dug . | . . . Terrain Destroyed 22 | . 22 . Melee . | . . . Projectile . | . . . AOE 22 | . 22 . Terrain Rammed . | . . . Walls Destroyed . | . . . Machines Disabled . | . . . Actions | -11 -10 -10 --------- Run | Yrd Mat Sub Total 515 | 93 295 127 Wait . | . . . Move 454 | 71 260 123 Hop 1 | . . 1 Pick Up 19 | 9 9 1 Fast Attach . | . . . Attach 18 | 8 9 1 Detach 2 | . 2 . Swap . | . . . Drop 9 | 2 6 1 Fire 9 | . 9 . Melee . | . . . Ram 2 | 2 . . Kick . | . . . Crush 1 | 1 . . Escape Stasis . | . . . Rewire . | . . . Trap . | . . . Miscellaneous . | . . . Route ------- -11/Scrapyard -10/Materials (discovered 3 exits: [*Mat] / [*Min] / [*Sub]) -10/Subcaves History --------- Turn | Location | Event 15 | -11/Scrapyard | Discovered new exit (range 16) 128 | -11/Scrapyard | Entered Materials 304 | -10/Materials | Build established: Mutant 343 | -10/Materials | Discovered new exit (range 13) 403 | -10/Materials | Discovered new exit (range 16) 457 | -10/Materials | Discovered new exit (range 8) 473 | -10/Materials | Entered Subcaves 474 | -10/Subcaves | Approached by a straggling Scientist 593 | -10/Subcaves | Ambushed by swarm of Subdwellers 617 | -10/Subcaves | Core integrity fell below 50% 619 | -10/Subcaves | Core integrity fell below 20% 620 | -10/Subcaves | Destroyed by UW-NU3(R) with Subdweller Beam Cannon Last Messages --------------- HV Slug penetrates Twisted Machinery. HV Slug penetrates Wall. Subatomizers dissect the Disposable Heat Sink. HV Slug penetrates RT-109(R). RT-109(R) suffers critical hit (Destroy). RT-109(R) destroyed. HV Slug penetrates Wall. UW-NU3(R) affixes Scrap Shield Fragment to Scrap Shield. V0-90M(h) destroyed. GW-ADJ(c) destroyed. Flight Unit destroyed. UW-NU3(R) affixes Scrap Shield Fragment to Scrap Shield. Grenade Launcher destroyed. Critical hit (Meltdown: +250). Subatomizers dissect the Battle Rifle. Sub. Power Source destroyed. Structural Scanner destroyed. Lrg. Battery destroyed. Map ----- +----------------------------------------------------+ | ######### ###???????????????????????????? | | ##??##### ####???????????????????????????? | | ###???### ####???????????????????????????? | | # ##???## ####??##########??????????????? | | ## ###??### ###############??????????????? | | ## ###??### ##### ##??????????????? | | ## ##??## ##??????????????? | | ## ##??####### ######???????????? | | # ##??########## ## ## ###???????????? | | # ###???????##### ####? ##???????????? | | # ###???????##### ###???? ###??????????? | | # ##????######## ###????? ####?????????? | | ##????#### ### ###???? ####????????? | | ## #????## ### ####?? ###????????? | | ## ?????## ##### ####? ##????????? | | ######?????#### ###### ### ##????????? | | #######???###### ###### ## ##????????? | | ?????????##### ###### ##????????? | | ???????"#### ## ##### ##????????? | | ???????"### # ### ## #####????????? | | ???????"#"? # #[ ### ### ######????????? | | ???????"#" # R=!! ##; ##? ###???????????? | | ??????? " ;; &! ! ##; ###? ????????????? | | ???????"#"X; % R* ## ????????????????? | | ???????#####=& &&[= ##????????????????? | | ??????????###;%&*! @ ## ????????????????? | | ??????????## ;;=[%*! ;### ????????????????? | | ??????????### ;;; &] ## ?????????????????? | | ??????????#### ### #???????????????????? | | ???????????####### # #???????????????????? | | ????????????###### ;; ####???????????????????? | | ????????????????## #######????????????????????? | | ????????????????### ##????????????????????????? | | ???????????????? ### ##???????????????????????? | | ?????????????????"## ##???????????????????????? | | ??????????????????## # ##???????????????????????? | | ??????????????????# ## ???????????????????????? | | ???????????????????? ## ????????????????????????? | | ???????????????????? ##? ????????????????????????? | | ???????????????????? ????????????????????????????? | | ?????????????????????????????????????????????????? | | ?????????????????????????????????????????????????? | | ?????????????????????????????????????????????????? | | ?????????????????????????????????????????????????? | | ?????????????????????????????????????????????????? | | ?????????????????????????????????????????????????? | | ?????????????????????????????????????????????????? | | ?????????????????????????????????????????????????? | | ?????????????????????????????????????????????????? | | ?????????????????????????????????????????????????? | +----------------------------------------------------+ Best States ------------- Heat Dissipation 25 Energy Generation 15 Energy Capacity 400 Matter Stores 300 Matter Capacity 300 Sight Range 16 Terrain Scan Density 10 Evasion (%) 62 Recoil Reduction 2 Item Schematics ----------------- None Robot Schematics ------------------ None Fabricated ------------ Nothing Repaired ---------- Nothing Alien Tech Used ----------------- None Achievements -------------- Shopping List Challenges ------------ None Game ------ Seed PersonalChipShielding Manual? 0 Play Time 00:17:39 Cumulative 2.7 hours Start 2025.07.03 @ 10:48:16 End 2025.07.03 @ 11:05:57 Sessions 1 Manual Loads 0 Difficulty Rogue Special Mode None Game No. 8 Rogue 8 Adventurer 0 Explorer 0 Win Type - Total 0 Types 0/0/0/0/0/0/0/0/0/0 Lore% 0 Gallery% 5 Achievement% 6 Wizard Run 0 Options --------- Layout 1 ASCII 1 Keyboard 1 Movement Vi Keybinds 0 Fullscreen 1 Font 24/Smallcaps Map View 50x35 Zoom Use 0% Tactical HUD 0 Map Filters NONE Filters NONE Steam SD RUN: dfbe9105-f9c0-47a5-92b0-90957893d281